 Dungeon Crawl Stone Soup version 0.31.0 (webtiles) character file.

Game seed: 18337277808973328665

2488 Skeral the Fighter (level 9, -17/98 HPs)
             Began as an Oni Shapeshifter on Jan 19, 2024.
             Was a Follower of Wu Jian.
             Demolished by a two-headed ogre
             ... wielding a +0 giant club
              (20 damage)
             ... on level 8 of the Dungeon.
             The game lasted 00:17:47 (9127 turns).

Skeral the Fighter (Oni Shapeshifter)               Turns: 9127, Time: 00:17:48

Health: -17/98     AC:  3    Str: 20    XL:     9   Next: 52%
Magic:  9/9        EV: 10    Int: 11    God:    Wu Jian [*.....]
Gold:   117        SH:  0    Dex: 12    Spells: 8/8 levels left

rFire   . .          .
                       - Unarmed
rCold   . . .        (no shield)
rNeg    . . .        a - +0 animal skin
rPois   .            (helmet currently unavailable)
rElec   .            (cloak currently unavailable)
rCorr   .            (gloves unavailable)
SInv    .            (boots unavailable)
Will    +....        (no amulet)
Stlth   +            o - ring of willpower
HPRegen 0.36/turn    (no ring)
MPRegen 0.11/turn

%: no passive effects
@: beast-form
A: beast (slay +4), large, unfitting armour, horns 1, tough skin 1, double
potion healing, drunken brawling
a: Begin Untransformation, Renounce Religion


You were on level 8 of the Dungeon.
You worshipped Wu Jian.
Wu Jian was aware of your devotion.
You were a hulking beast.
You visited 2 branches of the dungeon, and saw 9 of its levels.

You collected 317 gold pieces.
You spent 200 gold pieces at shops.


Innate Abilities, Weirdness & Mutations

You are a hulking beast.
Your limbs bulge with bestial killing power. (Slay +4)
You are too large for most types of armour.
You have a pair of small horns on your head.
You have tough skin. (AC +1)
You gain doubled healing and magic from potions.
Whenever you drink a healing potion, you attack all around you.


   Skills:
 - Level 9.0 Fighting
 - Level 1.7 Dodging
 + Level 7.6 Unarmed Combat
 + Level 7.3 Shapeshifting


You had 8 spell levels left.
You didn't know any spells.
Your spell library contained the following spells:

 Spells                   Type           Power      Damage    Failure   Level
 Kiss of Death            Conj/Necr      0%         2d5       34%         1
 Magic Dart               Conj           0%         1d3       34%         1
 Blink                    Tloc           0%         N/A       47%         2
 Call Imp                 Summ           0%         N/A       47%         2
 Lesser Beckoning         Tloc           0%         N/A       47%         2
 Searing Ray              Conj           0%         2d4       47%         2
 Confusing Touch          Hex            0%         N/A       71%         3
 Gell's Gravitas          Tloc           0%         N/A       71%         3
 Ozocubu's Armour         Ice            0%         N/A       71%         3
 Teleport Other           Tloc           0%         N/A       71%         3
 Dispel Undead            Necr           0%         3d6       98%         4
 Fulminant Prism          Conj/Alch      0%         3d5       98%         4
 Metabolic Englaciation   Hex/Ice        0%         N/A       100%        5
 Sculpt Simulacrum        Ice/Alch       0%         N/A       100%        6

Inventory:

Missiles
 g - 2 throwing nets {=f!f}
 i - 2 javelins
 w - 7 boomerangs
 B - 12 poisoned darts (quivered)
Armour
 a - a +0 animal skin (worn)
 m - a +0 kite shield
   (You found it on level 2 of the Dungeon)
Magical Staves
 t - the staff "Eviscerator" {rC+ Stlth+ Ice, !a}
   (You found it on level 3 of the Dungeon)

   [staff of cold]

   Base accuracy: +5 Base damage: 5 Base attack delay: 1.2 This weapon's minimum
   attack delay (0.6) is reached at skill level 12.
   rC+:       It protects you from cold.
   Stlth+:    It makes you more stealthy.
   Ice:       It increases the power of your Ice spells.
   It falls into the 'Staves' category.
   It is a one-handed weapon.
Jewellery
 o - a ring of willpower (left hand)
   (You found it on level 2 of the Dungeon)
 C - a ring of ice
   (You found it on level 3 of the Dungeon)
 E - an amulet of magic regeneration
   (You took it off a gnoll on level 5 of the Dungeon)
Talismans
 c - a beast talisman
 d - a flux talisman
 v - a maw talisman
   (You found it on level 3 of the Dungeon)
Wands
 j - a wand of polymorph (8)
   (You took it off Natasha on level 3 of the Dungeon)
 s - a wand of light (4)
   (You found it on level 3 of the Dungeon)
 y - a wand of flame (15)
   (You found it on level 4 of the Dungeon)
 F - a wand of roots (4)
   (You took it off an orc on level 7 of the Dungeon)
 G - a wand of charming (6)
   (You found it on level 7 of the Dungeon)
Scrolls
 k - 2 scrolls of poison {unknown}
 l - 5 scrolls of revelation {unknown}
 n - 2 scrolls of enchant weapon {unknown}
 q - 2 scrolls of teleportation {unknown}
 z - 3 scrolls of vulnerability {unknown}
 A - a scroll of fear
 H - a scroll of blinking {unknown}
Potions
 b - 2 potions of lignification {!q}
 e - a potion of enlightenment
 f - 2 potions of brilliance
 h - a potion of heal wounds {@q2}
 p - 3 potions of berserk rage {!q}
 r - a potion of might
 u - a potion of cancellation {unknown}
 x - a potion of magic
 D - a potion of curing {unknown}

Dungeon Overview and Level Annotations

Branches:
Dungeon (8/15) Zot: 26944  Temple (1/1) D:5 Zot: 5987
   Lair: D:8-11

Altars:
Ashenzari
Cheibriados
Dithmenos
Elyvilon
Fedhas
Hepliaklqana
Kikubaaqudgha
Makhleb
Nemelex Xobeh
Okawaru
Qazlal
Ru
Trog
Uskayaw
Vehumet
Wu Jian
Xom
Yredelemnul
The Shining One

Shops:
D:1 (   D:2 =   D:6 *

Annotations:
D:5 1 runed translucent door, Urdicil's ghost, amateur TrSh

##########
.........##
..........#
..........#
......Oh.#
......D..#
.........#
.........#
....(....#
.........#
.........#
...##...##
.. #..#


You could see a two-headed ogre (blind, unable to see you) and a steam dragon.


Message History

๐Ÿ˜Ž HP[+13]
Your hp is fully restored (98).
The white imp shouts!
The white imp gestures at you. The puff of frost hits you. ๐Ÿ˜• HP[-6]
You take 6 damage, and now have 92/98 hp.
You lunge at the white imp, in a flurry of attacks.
You hit the white imp. You pummel the white imp!!
You kill the white imp!
The Council accepts your kill.
There is an open door here. ๐Ÿ˜• HP[+1]
H - a scroll labelled WEGA FALIFO ๐Ÿ˜Ž HP[+5]
Your hp is fully restored (98).
Found a stone staircase leading down.
There is a stone staircase leading down here.
There is an open door here.
There is an open door here.
There is an open door here.
Items here: )) [ รท.
Items here: )) [ รท.
Found an escape hatch in the ceiling.
Items here: )) [ รท.
Items here: )) [ รท.
Things that are here:
a +0 flail; a +0 spear
There is a stone staircase leading up here.
Done exploring.
There is a stone staircase leading up here.
There is a stone staircase leading down here.
You climb downwards.
You hear the roar of battle.
There is an entrance to a bailey on this level.
Hurry and find it before the portal closes forever!
There is a stone staircase leading up here.
The wight barely misses you.
You climb upwards.
There is a stone staircase leading down here.
You punch the wight! You barely miss the wight. You headbutt the wight.
You destroy the wight!
The Council accepts your kill.
Things that are here:
a +0 scimitar; a +0 robe
There is a stone staircase leading down here.
There is an open door here.
There is a stone staircase leading down here.
You climb downwards.
You hear the roar of battle.
There is an entrance to a bailey on this level.
Hurry and find it before the portal closes forever!
There is a stone staircase leading up here.
Aiming: Charm
Press: ? - help, Shift-Dir - straight line, f - two-headed ogre
Aim: a two-headed ogre, wielding two +0 giant clubs (asleep, chance to affect: 31%)
The two-headed ogre easily resists.
Aiming: Bolt of Light
Press: ? - help, Shift-Dir - straight line, f/p - two-headed ogre
Aim: a two-headed ogre, wielding two +0 giant clubs (86% to hit)
The bolt of light hits the two-headed ogre!
The two-headed ogre is blinded.
You hear an angry hiss.
A steam dragon comes into view.
You hear the faint creaking of a portcullis nearby.
The two-headed ogre closely misses you.
The two-headed ogre hits you with a +0 giant club!
There is a stone staircase leading up here. ๐Ÿ˜• HP[-8]
You take 8 damage, and now have 90/98 hp.
You hit the two-headed ogre. You headbutt the two-headed ogre.
The two-headed ogre hits you with a +0 giant club!!
The two-headed ogre closely misses you. ๐Ÿ˜ฎ HP[-24]
You take 24 damage, and now have 66/98 hp.
MASSIVE DAMAGE!! (PAUSE)
You hit the two-headed ogre.
You headbutt the two-headed ogre, but do no damage.
You hit the two-headed ogre. You headbutt the two-headed ogre!
The two-headed ogre closely misses you.
The two-headed ogre misses you. ๐Ÿ˜ฎ HP[+1]
You punch the two-headed ogre!
The two-headed ogre is no longer blind.
You barely miss the two-headed ogre. You headbutt the two-headed ogre.
The two-headed ogre hits you with a +0 giant club!!
* * * LOW HITPOINT WARNING * * *
The two-headed ogre closely misses you. The steam dragon bites you!
* * * LOW HITPOINT WARNING * * *
The steam dragon completely misses you. ๐Ÿ˜จ HP[-35]
You take 35 damage, and now have 32/98 hp.
MASSIVE DAMAGE!! (PAUSE)
Aiming: Bolt of Light
Press: ? - help, Shift-Dir - straight line, f/p - two-headed ogre
Aim: a two-headed ogre, wielding two +0 giant clubs (severely wounded, 86% to hit)
The bolt of light hits the two-headed ogre!
The two-headed ogre is blinded.
The steam dragon barely misses you. The steam dragon misses you.
The two-headed ogre hits you with a +0 giant club!!
* * * LOW HITPOINT WARNING * * *
The two-headed ogre hits you with a +0 giant club!!
You die...

Skill      XL: |  1  2  3  4  5  6  7  8  9 |
---------------+----------------------------+-----
Fighting       | 2 3 4 5 7 8 9 |  9.0
Unarmed Combat | 3 4 5 6 7 |  7.6
Shapeshifting  | 4 5 6 7 |  7.3
Dodging        | |  1.7

Action                     |  1- 3 |  4- 6 |  7- 9 || total
---------------------------+-------+-------+-------++-------
  Melee: Unarmed           |   115 |   173 |   249 ||   537
         Headbutt          |    13 |    35 |    54 ||   102
         Punch             |       |     7 |     9 ||    16
  Throw: Dart              |       |       |     2 ||     2
Ability: Lunge             |       |       |    17 ||    17
  Evoke: Wand              |       |       |     4 ||     4
    Use: Scroll            |       |     5 |     3 ||     8
         Potion            |       |     1 |     2 ||     3
   Stab: Sleeping          |       |     2 |       ||     2
         Distracted        |       |       |     1 ||     1
         Invisible         |       |       |     1 ||     1
 Armour: Animal skin       |    60 |   124 |   165 ||   349
  Dodge: Dodged            |    41 |    67 |    85 ||   193

Levels and vault maps discovered:
D:1:      dpeg_arrival_morbid_curiosity, layout_basic, serial_shops,
          nicolae_shop_peninsula, serial_rivers, chequers_serial_rivers_micro_d,
          chequers_serial_rivers_micro_e, chequers_serial_rivers_room_b,
          chequers_serial_rivers_micro_d, chequers_serial_rivers_micro_c,
          chequers_serial_rivers_micro_a, hangedman_abyss_or_decor_lesser_grid
D:2:      layout_basic, serial_shops, shop
D:3:      layout_loops_ring, uniq_natasha
D:4:      kennysheep_big_flooded_room, layout_loops_ring, minmay_close_crescents
D:5:      layout_layer_cave, minmay_temple_entry_purple_smoke,
          ebering_ghost_sewer_d, hangedman_glass_teeth, grunt_ministairs_13
D:6:      layout_basic, serial_shops, shop
D:7:      layout_loops_corners, gammafunk_temple_overflow_wave, minivault_25,
          lightli_minifort
D:8:      layout_rooms, nicolae_gozag_seed_capital, enter_bailey_5,
          serial_undead, serial_undead_a, serial_undead_a, serial_undead_a,
          serial_undead_a, serial_undead_f, serial_undead_d, serial_undead_e,
          serial_undead_c, serial_shops, nicolae_book_shop_shelving,
          amcnicky_mini_pool_small, uniq_erica
Temple:   sentei_temple_godly_chess

Notes
Turn   | Place    | Note
-------+----------+-------------------------------------------
     0 | D:1      | Skeral the Oni Shapeshifter began the quest for the Orb.
     0 | D:1      | Reached XP level 1. HP: 19/19 MP: 1/1
     0 | D:1      | magus.rc [v1.10.3]
   234 | D:1      | Reached skill level 2 in Fighting
   235 | D:1      | Reached skill level 3 in Unarmed Combat
   235 | D:1      | Reached XP level 2. HP: 23/28 MP: 2/2
   568 | D:1      | Reached XP level 3. HP: 36/36 MP: 3/3
   590 | D:1      | Found Beupsog's Weapon Shoppe.
   771 | D:1      | Reached skill level 3 in Fighting
  1403 | D:2      | Found Tuetroil's Jewellery Emporium.
  1858 | D:2      | You pick up a book of Touch and begin reading...
  1858 | D:2      | You add the spells Kiss of Death, Confusing Touch and
                  | Dispel Undead to your library.
  2082 | D:3      | Reached XP level 4. HP: 34/46 MP: 4/4
  2194 | D:3      | Identified the staff "Eviscerator" {rC+ Stlth+ Ice}
  2358 | D:3      | Reached skill level 4 in Fighting
  2723 | D:3      | Noticed Natasha
  2735 | D:3      | Killed Natasha
  2736 | D:3      | Reached skill level 4 in Unarmed Combat
  2736 | D:3      | Reached XP level 5. HP: 54/55 MP: 5/5
  2934 | D:4      | You pick up a book of Minor Magic and begin reading...
  2934 | D:4      | You add the spells Magic Dart, Blink and Call Imp to your
                  | library.
  3012 | D:3      | Reached XP level 6. HP: 44/65 MP: 6/6
  3018 | D:3      | Reached skill level 5 in Fighting
  3053 | D:3      | Noticed Natasha
  3067 | D:3      | Killed Natasha
  3179 | D:3      | Noticed Natasha
  3184 | D:3      | Killed Natasha
  3852 | D:4      | Reached skill level 4 in Shapeshifting
  3956 | D:5      | Entered Level 5 of the Dungeon
  4067 | D:5      | HP: 16/66 [centaur (2)]
  4069 | D:5      | Reached XP level 7. HP: 18/74 MP: 7/7
  4290 | D:4      | Reached skill level 6 in Fighting
  4290 | D:4      | Reached skill level 5 in Unarmed Combat
  4514 | D:5      | You pick up a book of Winter and begin reading...
  4514 | D:5      | You add the spells Ozocubu's Armour, Metabolic Englaciation
                  | and Sculpt Simulacrum to your library.
  4544 | D:5      | Found a runed translucent door.
  4566 | D:5      | Noticed Urdicil's ghost (amateur TrSh)
  4569 | D:5      | You pick up a book of Displacement and begin reading...
  4569 | D:5      | You add the spells Lesser Beckoning, Gell's Gravitas and
                  | Teleport Other to your library.
  5725 | D:5      | Reached skill level 7 in Fighting
  5725 | D:5      | Reached skill level 5 in Shapeshifting
  5725 | D:5      | Reached XP level 8. HP: 75/87 MP: 8/8
  6305 | D:5      | Found a staircase to the Ecumenical Temple.
  6314 | Temple   | Entered the Ecumenical Temple
  6320 | Temple   | Became a worshipper of the Wu Jian Council
  6335 | D:5      | You pick up a book of Conjurations and begin reading...
  6335 | D:5      | You add the spells Searing Ray and Fulminant Prism to your
                  | library.
  6532 | D:6      | Reached skill level 6 in Unarmed Combat
  6662 | D:6      | Reached skill level 8 in Fighting
  6857 | D:6      | Found Erurr's Assorted Antiques.
  6867 | D:6      | Bought a scroll of fear for 116 gold pieces
  6867 | D:6      | Bought a scroll of identify for 58 gold pieces
  6867 | D:6      | Bought a bubbling coppery potion for 26 gold pieces
  6970 | D:6      | You pick up a book of Displacement and begin reading...
  7277 | D:6      | Reached skill level 6 in Shapeshifting
  7587 | D:7      | HP: 20/89 [something (4)]
  7608 | D:7      | Reached XP level 9. HP: 23/97 MP: 9/9
  7890 | D:7      | Reached skill level 9 in Fighting
  8100 | D:7      | Reached skill level 7 in Unarmed Combat
  8320 | D:7      | Reached * piety under Wu Jian
  8529 | D:7      | Reached skill level 7 in Shapeshifting
  8623 | D:7      | Found a broken altar of Ashenzari.
  8623 | D:7      | Found a bloodstained altar of Trog.
  9117 | D:8      | Noticed a two-headed ogre
  9127 | D:8      | HP: 3/98 [two-headed ogre/+0 giant club (30)]
  9127 | D:8      | Demolished by a two-headed ogre

Vanquished Creatures
  A water moccasin (D:7)
  A sky beast (D:7)
  2 ice beasts
  3 orc warriors
  2 black bears
  2 centaurs
  A phantom (D:6)
  2 bullfrogs (D:7)
  3 scorpions
  A wight (D:7)
  3 howler monkeys (D:7)
  A bombardier beetle (D:5)
  3 hounds
  2 orc priests
  2 gnoll boudas
  A sleepcap (D:4)
  Natasha (thrice) (D:3)
  2 iguanas
  4 orc wizards
  14 gnolls
  12 adders
  A white imp (D:7)
  2 ufetubi (D:5)
  8 dart slugs
  2 ribbon worms
  30 orcs
  7 ball pythons
  4 bats
  8 endoplasms
  4 giant cockroaches
  9 goblins
  7 hobgoblins
  2 jackals (D:3)
  5 quokkas
  6 frilled lizards
  8 kobolds
  8 rats
176 creatures vanquished.

Table legend:
 A = Non-vault XP
 B = Vault XP
 C = Vault XP percentage of total XP
 D = Non-vault monster count
 E = Vault monster count
 F = Vault count percentage of total count
                 A         B        C        D         E       F
            +---------+---------+-------+---------+---------+-------
      Total |    3181 |     374 |  10.5 |     151 |      25 |  14.2
            +---------+---------+-------+---------+---------+-------
        D:1 |      46 |      10 |  17.9 |      27 |       5 |  15.6
        D:2 |      20 |       0 |   0.0 |      10 |       0 |   0.0
        D:3 |     265 |      36 |  12.0 |      32 |       1 |   3.0
        D:4 |     130 |      71 |  35.3 |      18 |      10 |  35.7
        D:5 |     833 |      34 |   3.9 |      24 |       4 |  14.3
        D:6 |     761 |       0 |   0.0 |      21 |       0 |   0.0
        D:7 |    1126 |     223 |  16.5 |      19 |       5 |  20.8
            +---------+---------+-------+---------+---------+-------

Skill      XL: |  1  2  3  4  5  6  7  8  9 |
---------------+----------------------------+-----
Fighting       | 2 3 4 5 7 8 9 |  9.0
Unarmed Combat | 3 4 5 6 7 |  7.6
Shapeshifting  | 4 5 6 7 |  7.3
Dodging        | |  1.7

Action                     |  1- 3 |  4- 6 |  7- 9 || total
---------------------------+-------+-------+-------++-------
  Melee: Unarmed           |   115 |   173 |   249 ||   537
         Headbutt          |    13 |    35 |    54 ||   102
         Punch             |       |     7 |     9 ||    16
  Throw: Dart              |       |       |     2 ||     2
Ability: Lunge             |       |       |    17 ||    17
  Evoke: Wand              |       |       |     4 ||     4
    Use: Scroll            |       |     5 |     3 ||     8
         Potion            |       |     1 |     2 ||     3
   Stab: Sleeping          |       |     2 |       ||     2
         Distracted        |       |       |     1 ||     1
         Invisible         |       |       |     1 ||     1
 Armour: Animal skin       |    60 |   124 |   165 ||   349
  Dodge: Dodged            |    41 |    67 |    85 ||   193

Illustrated notes

Table legend:
 A = Kills in this place as a percentage of kills in the entire game.
 B = Kills by you in this place as a percentage of kills by you in the entire game.
 C = Kills by friends in this place as a percentage of kills by friends in the entire game.
 D = Other kills in this place as a percentage of other kills in the entire game.
 E = Experience gained in this place as a percentage of experience gained in the entire game.
 F = Experience gained in this place divided by the number of levels of this place that you have seen.
                   A       B       C       D       E      F
               +-------+-------+-------+-------+-------+----------------------
         Total | 100.0 | 100.0 |   N/A |   N/A | 100.0 | 395.0
       Dungeon | 100.0 | 100.0 |   N/A |   N/A | 100.0 | 444.4
               +-------+-------+-------+-------+-------+----------------------

Table legend: (Time is in decaauts)
 A = Elapsed time spent in this place.
 B = Non-inter-level travel time spent in this place.
 C = Inter-level travel time spent in this place.
 D = Time resting spent in this place.
 E = Time spent auto-exploring this place.
 F = Levels seen in this place.
 G = Mean time per level.
                   A        B        C        D        E       F      G
               +--------+--------+--------+--------+--------+-----+--------+
         Total |   9080 |   8769 |    311 |   1344 |   5489 |   9 | 1008.9 |
       Dungeon |   9068 |   8757 |    311 |   1344 |   5489 |   8 | 1133.5 |
        Temple |     12 |     12 |      0 |      0 |      0 |   1 |   12.0 |
               +--------+--------+--------+--------+--------+-----+--------+

Top non-repeatable levels by time:
     D:5: 2307 daAuts
     D:7: 1437 daAuts
     D:1: 1398 daAuts
     D:6: 1150 daAuts
     D:3: 1148 daAuts
     D:4: 954 daAuts
     D:2: 658 daAuts
  Temple: 12 daAuts
     D:8: 11 daAuts
